 Dungeon Crawl Stone Soup version 0.18-a0-1088-g34ef3a2 (webtiles) character file.

124 gorblad the Nimble (level 4, -3/21 HPs)
             Began as a Felid Fighter on Jan 16, 2016.
             Was an Initiate of Dithmenos.
             Slain by a gnoll
             ... wielding a +0 spear
              (4 damage)
             ... on level 4 of the Dungeon.
             The game lasted 00:05:30 (3481 turns).

gorblad the Nimble (Felid Fighter)                  Turns: 3481, Time: 00:05:31

Health: -3/21      AC:  1    Str: 13    XL:     4   Next: 81%
Magic:  5/5        EV: 23    Int: 10    God:    Dithmenos [......]
Gold:   124        SH:  0    Dex: 15    Spells: 0 memorised, 3 levels left
                                        Lives:  0   Deaths: 1

rFire  . . .     SeeInvis +       - Unarmed
rCold  . . .     Gourm    .     (armour unavailable)
rNeg   . . .     Faith    .     (shield unavailable)
rPois  .         Spirit   .     (helmet unavailable)
rElec  .         Dismiss  .     (cloak unavailable)
rCorr  .         Reflect  .     (gloves unavailable)
SustAt +         Harm     .     (boots unavailable)
MR     .....                    n - amulet of rage
Stlth  ++........               (no ring)
                                g - ring of sustain attributes

@: quick, not resistant to hostile enchantments, unstealthy
A: no armour, no weapons or thrown items, claws 1, fangs 3, see invisible,
carnivore 3, speed 1, shaggy fur 1, slow metabolism 1, sharp paws
a: Renounce Religion, Evoke Berserk Rage


You were on level 4 of the Dungeon.
You worshipped Dithmenos.
Dithmenos was noncommittal.
You were full.

You visited 1 branch of the dungeon, and saw 4 of its levels.

You collected 124 gold pieces.

Inventory:

Jewellery
 g - a ring of sustain attributes (left paw)
 n - an amulet of rage (around neck)
Wands
 c - a wand of confusion (18/48)
 l - a wand of draining (8/15)
Scrolls
 e - 2 scrolls of enchant armour
 f - a scroll of amnesia {unknown}
 i - 4 scrolls of remove curse
 j - a scroll of recharging
Potions
 a - a potion of might
 k - a potion of flight
 m - a potion of agility
Comestibles
 b - a meat ration
 h - a royal jelly


   Skills:
 - Level 3.0 Fighting
 * Level 8.5 Dodging
 - Level 4.0 Unarmed Combat


You had 3 spell levels left.
You didn't know any spells.

Dungeon Overview and Level Annotations

Branches:
Dungeon (4/15)
 Temple: D:4-7

Altars:
Ashenzari
Cheibriados
Dithmenos
Fedhas
Makhleb
Okawaru
Qazlal
Ru
The Shining One

Annotations:
D:4 Edmund


Innate Abilities, Weirdness & Mutations

You cannot wear armour.
You are incapable of wielding weapons or throwing items.
You have sharp claws.
You have razor-sharp teeth.
You have supernaturally acute eyesight.
You are carnivorous and can eat meat at any time.
You cover ground quickly.
You are covered in fur (AC +1).
You have a slow metabolism.
Your sharp claws are effective at attacking unaware monsters.


Message History

You are too injured to fight recklessly!
You are too injured to fight recklessly!
You are too injured to fight recklessly!
You scratch the gnoll but do no damage.
The gnoll is severely wounded.
The gnoll closely misses you. The gnoll hits you but does no damage.
You scratch the gnoll.
You kill the gnoll!
Dithmenos accepts your kill. The gnoll barely misses you.
The gnoll closely misses you.
The gnoll hits you from afar with a +0 spear.
* * * LOW HITPOINT WARNING * * *
The gnoll completely misses you.
There is a snail-covered altar of Cheibriados, spattered with blood here.
You see here a club.
The gnoll completely misses you. x2
You claw the gnoll!
The gnoll is heavily wounded.
The gnoll hits you with a +0 spear.
You die...

#....# ##............
##.....####..........#
##.......# ##...<.@..##
#........## ##......##
##.........## #......#
#...........# ##.<..####
##...........####.......#
##.......gg†...##...###)..
#.......)@......#..## ###
#........_......#.##
#.................#
#................##
##..........(..#.#
#...............#
##...........#.##
##........##### ####...###


You could see 2 gnolls.

Vanquished Creatures
  3 hounds
  Jessica (D:3)
  2 gnolls (D:4)
  3 adders
  A worm (D:2)
  An orc (D:3)
  6 bats
  4 giant cockroaches
  4 goblins
  6 hobgoblins
  4 jackals (D:1)
  13 kobolds
  7 giant newts
  5 rats
60 creatures vanquished.

Notes
Turn   | Place    | Note
--------------------------------------------------------------
     0 | D:1      | gorblad the Felid Fighter began the quest for the Orb.
     0 | D:1      | Reached XP level 1. HP: 10/10 MP: 2/2
   356 | D:1      | Reached XP level 2. HP: 9/14 MP: 3/3
   509 | D:1      | Reached skill level 5 in Dodging
   954 | D:1      | Reached XP level 3. HP: 15/17 MP: 4/4
  1170 | D:2      | Reached skill level 6 in Dodging
  2048 | D:2      | Found a burning altar of Makhleb.
  2066 | D:2      | Reached XP level 4. HP: 8/21 MP: 5/5
  2450 | D:3      | Noticed Jessica
  2453 | D:3      | Killed Jessica
  2453 | D:3      | Reached skill level 7 in Dodging
  2515 | D:3      | Found a stormy altar of Qazlal.
  2634 | D:3      | Found a sacrificial altar of Ru.
  2731 | D:3      | Found an iron altar of Okawaru.
  2731 | D:3      | Found a shadowy altar of Dithmenos.
  2731 | D:3      | Found a shattered altar of Ashenzari.
  2753 | D:3      | Reached XP level 5. HP: 5/24 MP: 6/6
  3013 | D:3      | Found a glowing golden altar of the Shining One.
  3013 | D:3      | Found a blossoming altar of Fedhas.
  3033 | D:3      | Became a worshipper of Dithmenos the Shadowed
  3303 | D:4      | Reached skill level 8 in Dodging
  3426 | D:4      | Found a snail-covered altar of Cheibriados.
  3428 | D:4      | Noticed Edmund
  3441 | D:4      | Slain by a gnoll
  3442 | D:4      | Reached XP level 4. HP: -4/31 MP: 5/5
  3479 | D:4      | HP: 1/21 [gnoll/+0 spear (5)]
  3481 | D:4      | Slain by a gnoll

Vault maps used:
D:1:      lightli_iron_boxes
D:2:      makhleb_blood_cavern_becter, grunt_ministairs_1
D:3:      grunt_temple_overflow_open, overflow_temple_1_default,
          lemuel_coloured_pillars_altar, first_bread, uniq_jessica
D:4:      cheibriados_altar_1, kennysheep_generic_room_11, uniq_grinder,
          uniq_edmund

Action                   |  1- 3 |  4- 6 || total
-------------------------+-------+-------++-------
Melee: Unarmed           |   137 |    65 ||   202
 Abil: Evoke Berserk Rag |       |     1 ||     1
  Use: Scroll            |     4 |     5 ||     9
       Potion            |       |     2 ||     2
 Stab: Sleeping          |     1 |     4 ||     5
  Eat: Chunk             |    10 |     4 ||    14
